AoeStats
← cortex1987

Oasis

510163990Analyzed
2v2 RM · 2d ago on Sep 29, 2026· 55m 48s· 4 players
Game mode
Random Map
Map size
Medium (4 player)
Population
200
Speed
Normal
Resources
Standard
Victory
Conquest
Starting age
Dark Age
Ending age
Imperial Age
RankedLock teamsTeams togetherTeam positionsShared explorationLock speedFull tech treeHidden civsTurbo modeCheats
Victory
Defeat
🇸🇪 Inca · Sweden
612
+14
🇸🇪 Celts · Sweden
583
+15
🇬🇧 Goths · United Kingdom
591
-18
🇺🇸 Hindustanis · United States
547
-14
NWI Nutball
6:45 Loom
16:35 Feudal Age
16:47 Man-at-Arms
19:04 Wheelbarrow
20:50 Double-Bit Axe
22:53 Arson
23:12 Horse Collar
24:28 Gold Mining
24:29 Stone Mining
27:04 Forging
30:09 Castle Age
29:57 Scale Mail Armor
29:48 Fletching
29:59 Padded Archer Armor
31:41 Gold Shaft Mining
31:42 Stone Shaft Mining
31:16 Heavy Plow
31:57 Iron Casting
31:35 Caravan
31:32 Long Swordsman
32:13 Squires
cortex1987
12:36 Feudal Age
10:53 Loom
13:55 Man-at-Arms
17:37 Wheelbarrow
17:52 Double-Bit Axe
20:13 Forging
23:09 Gold Mining
23:50 Scale Mail Armor
24:41 Horse Collar
28:40 Castle Age
28:50 Fletching
29:00 Padded Archer Armor
29:26 Long Swordsman
30:26 Heavy Plow
30:53 Bow Saw
30:44 Stone Mining
31:17 Pikeman
31:26 Crossbowman
31:27 Elite Skirmisher
33:45 Hand Cart
41:52 Iron Casting
41:33 Chain Mail Armor
44:16 Bodkin Arrow
44:37 Leather Archer Armor
49:46 Imperial Age
47:25 Anarchy
52:03 Two-Handed Swordsman
52:04 Halberdier
53:52 Blast Furnace
52:53 Bracer
53:24 Ring Archer Armor
52:48 Champion
53:36 Elite Huskarl
EWHO
13:45 Feudal Age
14:51 Champi Runner
16:35 Wheelbarrow
16:58 Double-Bit Axe
19:01 Horse Collar
22:30 Gold Mining
23:06 Fletching
24:33 Scale Mail Armor
25:29 Padded Archer Armor
28:14 Castle Age
27:19 Stone Mining
28:25 Padded Archer Armor
28:20 Champi Warrior
29:08 Squires
28:30 Pikeman
28:34 Elite Skirmisher
32:25 Thumb Ring
31:42 Crossbowman
35:40 Heavy Plow
35:51 Bow Saw
38:02 Bodkin Arrow
38:23 Chain Mail Armor
38:23 Leather Archer Armor
38:19 Forging
38:23 Arson
45:12 Imperial Age
44:31 Town Watch
45:30 Halberdier
47:43 Plate Mail Armor
47:20 Elite Champi Warrior
48:18 Capped Ram
49:38 Iron Casting
Sun Wukong
13:05 Feudal Age
14:41 Wheelbarrow
13:55 Double-Bit Axe
13:56 Horse Collar
17:24 Gold Mining
19:50 Stone Mining
20:47 Forging
20:38 Scale Mail Armor
24:47 Castle Age
26:03 Hand Cart
26:02 Bow Saw
25:55 Heavy Plow
26:36 Gold Shaft Mining
26:39 Stone Shaft Mining
25:32 Pikeman
30:38 Chain Mail Armor
30:59 Iron Casting
45:30 Imperial Age
43:44 Stronghold
46:26 Caravan
49:52 Plate Mail Armor
50:23 Blast Furnace
49:26 Arson
49:39 Fletching
49:18 Onager
51:14 Chemistry
50:35 Ballistics
50:21 Siege Engineers
50:31 Masonry
50:18 Murder Holes
50:22 Elite Woad Raider
52:30 Siege Onager
Connection lost

Rejoining the realm…

Still unreachable

The connection could not be restored.

Session expired

The server has moved on; the page needs a fresh start.